AoeStats
← Godlys

Fortress

509294257Analyzed
4v4 RM · 7d ago on Sep 26, 2026· 25m 23s· 8 players
Game mode
Random Map
Map size
Huge
Population
200
Speed
Normal
Resources
Standard
Victory
Conquest
Starting age
Dark Age
Ending age
Imperial Age
RankedLock teamsTeams togetherTeam positionsShared explorationLock speedFull tech treeHidden civsTurbo modeCheats
Victory
Defeat
🇲🇽 Franks · Mexico
1028
+16
🇲🇽 Italians · Mexico
1010
+16
🇪🇸 Spanish · Spain
1000
+51
🇳🇴 Saracens · Norway
1000
+51
🇲🇽 Aztecs · Mexico
1031
-17
🇹🇼 Japanese · Taiwan
1025
-17
🇨🇳 Byzantines · China
1018
-16
🇭🇰 Huns · Hong Kong SAR China
1017
-16
Borzak4113
0:58 Loom
7:55 Feudal Age
14:02 Castle Age
12:25 Gold Mining
13:47 Double-Bit Axe
15:26 Husbandry
19:37 Caravan
21:31 Bow Saw
22:04 Forging
22:01 Scale Barding Armor
24:31 Husbandry
25:17 Chain Barding Armor
25:33 Iron Casting
danny dillinger
5:47 Feudal Age
12:09 Castle Age
10:45 Fletching
10:56 Padded Archer Armor
10:49 Double-Bit Axe
21:36 Loom
Pajariko
7:11 Feudal Age
8:24 Double-Bit Axe
14:29 Castle Age
12:34 Gold Mining
14:13 Fletching
14:31 Padded Archer Armor
20:23 Leather Archer Armor
23:17 Bodkin Arrow
Godlys
7:28 Feudal Age
6:53 Loom
11:06 Castle Age
9:12 Double-Bit Axe
9:43 Horse Collar
12:18 Bow Saw
13:08 Heavy Plow
20:33 Scale Barding Armor
22:16 Forging
25:07 Iron Casting
25:44 Chain Barding Armor
25:42 Bloodlines
NWGHOST7888
6:42 Feudal Age
10:35 Castle Age
10:25 Horse Collar
10:37 Double-Bit Axe
15:25 Scale Mail Armor
16:47 Chain Mail Armor
17:51 Forging
17:29 Loom
20:44 Iron Casting
GG豪大
7:26 Feudal Age
12:36 Castle Age
11:00 Double-Bit Axe
11:57 Loom
17:02 Wheelbarrow
不知者
8:56 Feudal Age
8:58 Loom
13:28 Castle Age
11:37 Double-Bit Axe
12:01 Horse Collar
17:27 Wheelbarrow
17:16 Bow Saw
19:04 Marauders
20:24 Hand Cart
21:53 Scale Barding Armor
TaiwanIsChina's
1:21 Loom
8:35 Feudal Age
9:52 Double-Bit Axe
15:39 Castle Age
13:37 Horse Collar
14:46 Gold Mining
16:36 Bow Saw
17:26 Elite Skirmisher
18:56 Wheelbarrow
23:16 Imperial Age
21:32 Heavy Plow
23:32 Hand Cart
23:33 Fortified Wall
23:56 Ballistics
25:09 Two-Man Saw
Connection lost

Rejoining the realm…

Still unreachable

The connection could not be restored.

Session expired

The server has moved on; the page needs a fresh start.